 Dungeon Crawl Stone Soup version 0.21-a0-401-g0b6bec4 (webtiles) character file.

81 AmayaElls the Ruffian (level 4, -4/35 HPs)
             Began as a Draconian Transmuter on Oct 24, 2017.
             Was an Initiate of the Shining One.
             Slain by AmayaElls's ghost (9 damage)
             ... on level 3 of the Dungeon.
             The game lasted 00:14:18 (2190 turns).

AmayaElls the Ruffian (Draconian Transmuter)        Turns: 2190, Time: 00:14:19

Health: -4/35      AC:  5    Str: 13    XL:     4   Next: 20%
Magic:  7/7        EV: 12    Int: 14    God:    the Shining One [......]
Gold:   32         SH:  0    Dex: 11    Spells: 4/7 levels left

rFire    + . .     SeeInvis .     - Unarmed
rCold    x . .     Gourm    .   (no shield)
rNeg     . . .     Faith    .   (armour unavailable)
rPois    .         Spirit   .   (helmet restricted)
rElec    .         Reflect  .   (no cloak)
rCorr    .         Harm     .   (no gloves)
MR       .....                  (no boots)
Stlth    +.........             c - amulet of rage
HPRegen  0.11/turn              e - ring of fire
MPRegen  0.10/turn              (no ring)

@: glowing
A: unfitting armour, cold-blooded, AC +5
a: Renounce Religion, Evoke Berserk Rage


You were on level 3 of the Dungeon.
You worshipped the Shining One.
The Shining One was noncommittal.
You were not hungry.

You visited 1 branch of the dungeon, and saw 3 of its levels.

You collected 32 gold pieces.

Inventory:

Missiles
 a - 22 arrows
Jewellery
 c - an amulet of rage (around neck)
 e - a ring of fire (left hand)
Scrolls
 d - a scroll of remove curse
Books
 b - a book of Changes

   Spells                             Type                      Level
   a - Beastly Appendage              Transmutation                1
   b - Sticks to Snakes               Transmutation                2
   c - Spider Form                    Transmutation/Poison         3
   d - Ice Form                       Ice/Transmutation            4
   e - Blade Hands                    Transmutation                5
Comestibles
 f - a meat ration
 h - a bread ration


   Skills:
 * Level 1.6 Fighting
 * Level 2.4 Dodging
 + Level 0.3 Stealth
 + Level 4.1 Unarmed Combat
 + Level 2.4 Spellcasting
 + Level 2.1 Transmutations


You had 4 spell levels left.
You knew the following spells:

 Your Spells              Type           Power        Failure   Level  Hunger
a - Beastly Appendage     Tmut           #.....       10%         1    #......
b - Sticks to Snakes      Tmut           #.......     14%         2    ###....


Dungeon Overview and Level Annotations

Branches:
Dungeon (3/15)

Altars:
Cheibriados
The Shining One

Annotations:
D:3 AmayaElls's ghost, amateur DrBe


Innate Abilities, Weirdness & Mutations

Your plain brown scales are hard. (AC +5)
You cannot fit into any form of body armour.
You are cold-blooded and may be slowed by cold attacks.


Message History

AmayaElls's ghost wails.
You hit AmayaElls's ghost.
AmayaElls's ghost is lightly damaged.
AmayaElls's ghost hits you but does no damage.
You hit AmayaElls's ghost but do no damage.
AmayaElls's ghost is lightly damaged.
AmayaElls's ghost closely misses you.
You hit AmayaElls's ghost but do no damage.
AmayaElls's ghost is lightly damaged.
AmayaElls's ghost hits you but does no damage.
You hit AmayaElls's ghost but do no damage.
You tail-slap AmayaElls's ghost, but do no damage.
AmayaElls's ghost is lightly damaged.
AmayaElls's ghost hits you.
* * * LOW HITPOINT WARNING * * *
You barely miss AmayaElls's ghost.
Your tail-slap misses AmayaElls's ghost.
AmayaElls's ghost is lightly damaged.
AmayaElls's ghost hits you!
You die...

.........# ######.......
.........###............
.......<()..>###....)...
.........##### #........
.........# #........
...##.#### ##........
.#.)....# ###.........
......# ###.).##.....#
#......# #@W.### ######
#......# #.### ##..o.).#
#.# #o......# #.#
#..o....# ..# #<# .##
#.# .# #(# # ..#


You could see AmayaElls's ghost.

Vanquished Creatures
  An orc wizard (D:3)
  2 worms (D:2)
  A dart slug (D:1)
  An orc (D:2)
  A giant cockroach (D:2)
  5 goblins
  7 hobgoblins
  4 jackals (D:1)
  A quokka (D:2)
  4 bats
  5 frilled lizards
  6 kobolds
  8 rats
46 creatures vanquished.

Notes
Turn   | Place    | Note
-------+----------+-------------------------------------------
     0 | D:1      | AmayaElls the Draconian Transmuter began the quest for the Orb.
     0 | D:1      | Reached XP level 1. HP: 16/16 MP: 3/3
   458 | D:1      | Reached XP level 2. HP: 19/23 MP: 5/5
   753 | D:1      | Learned a level 1 spell: Beastly Appendage
   756 | D:1      | Learned a level 2 spell: Sticks to Snakes
  1176 | D:2      | Reached XP level 3. HP: 6/28 MP: 4/6
  1467 | D:2      | Found a glowing golden altar of the Shining One.
  1517 | D:2      | Became a worshipper of the Shining One
  1676 | D:2      | Found a snail-covered altar of Cheibriados.
  2164 | D:3      | Noticed AmayaElls's ghost (amateur DrBe)
  2182 | D:3      | Reached skill level 4 in Unarmed Combat
  2182 | D:3      | Reached XP level 4. HP: 5/35 MP: 7/7
  2190 | D:3      | Slain by AmayaElls's ghost

Vault maps used:
D:1:      dpeg_arrival_chase
D:2:      lemuel_coloured_pillars_altar, tso_altar
D:3:      nicolae_overflow_crystal_walls

Skill      XL: |  1  2  3 |
---------------+----------+-----
Dodging        | 2 |  2.4
Unarmed Combat | 4 |  4.1
Fighting       | |  1.6
Stealth        | |  0.3
Spellcasting   | |  2.4
Transmutations | |  2.1

Action                   |  1- 3 |  4- 6 || total
-------------------------+-------+-------++-------
Melee: Unarmed           |   191 |     5 ||   196
       Tailslap          |    17 |     1 ||    18
       Punch             |     2 |       ||     2
       Kick              |     1 |       ||     1
 Cast: Beastly Appendage |     3 |       ||     3
  Use: Scroll            |     5 |       ||     5
       Potion            |     3 |       ||     3
  Eat: Bread ration      |     1 |       ||     1
Armor: Skin              |    59 |     2 ||    61
Dodge: Dodged            |   121 |     1 ||   122

Table legend:
 A = Spawn XP
 B = Non-spawn XP
 C = Spawn XP percentage of total XP
 D = Spawn monster count
 E = Non-spawn monster count
 F = Spawn count percentage of total count
 G = Total turns spent on level
                    A         B        C        D         E        F      G
               +---------+---------+-------+---------+---------+-------+---------
         Total |       0 |     117 |   0.0 |       0 |      46 |   0.0 |  2190
               +---------+---------+-------+---------+---------+-------+---------
           D:1 |       0 |      35 |   0.0 |       0 |      21 |   0.0 |  1105
           D:2 |       0 |      41 |   0.0 |       0 |      21 |   0.0 |  1035
           D:3 |       0 |      41 |   0.0 |       0 |       4 |   0.0 |    50
               +---------+---------+-------+---------+---------+-------+---------
